 Dungeon Crawl Stone Soup version 0.25-a0-591-g2ad0d861f1 (webtiles) character file.

Game seed: 2576430946393253015, levelgen mode: deterministic

312 kae the Gusty (level 6, -4/45 HPs)
             Began as a Draconian Air Elementalist on Mar 13, 2020.
             Slain by a gnoll
             ... wielding a +0 spear
              (7 damage)
             ... on level 4 of the Dungeon.
             The game lasted 00:04:23 (3920 turns).

kae the Gusty (Draconian Air Elementalist)          Turns: 3920, Time: 00:04:23

Health: -4/45      AC:  6    Str: 10    XL:     6   Next: 18%
Magic:  6/11       EV: 12    Int: 17    God:
Gold:   165        SH:  0    Dex: 12    Spells: 1/11 levels left

rFire    . . .     SeeInvis .   g - +8 hand axe (vorpal)
rCold    . . .     Gourm    .   (no shield)
rNeg     . . .     Faith    .   (armour unavailable)
rPois    .         Spirit   .   (helmet restricted)
rElec    .         Reflect  .   (no cloak)
rCorr    .         Harm     .   (no gloves)
MR       .....                  (no boots)
Stlth    ++........             (no amulet)
HPRegen  0.15/turn              (no ring)
MPRegen  0.12/turn              (no ring)

@: no status effects
A: unfitting armour, cold-blooded, AC +6
a: no special abilities


You were on level 4 of the Dungeon.
You were not hungry.

You visited 1 branch of the dungeon, and saw 4 of its levels.

You collected 165 gold pieces.

Inventory:

Hand Weapons
 d - the +1 whip "Ekletweo" {drain, *Noise rF+ rN+}
   (You found it on level 4 of the Dungeon)

   A truly terrible weapon, it drains the life of those it strikes.
   It protects you from fire.
   It protects you from negative energy.
   It may make noises in combat.
 f - a +0 mace
 g - a +8 vorpal hand axe (weapon)
Jewellery
 a - an uncursed amulet of faith
 h - a cursed ring of teleportation {unknown}
 n - an uncursed amulet of regeneration {unknown}
Scrolls
 c - a scroll of immolation
 i - a scroll of remove curse
Potions
 e - a potion of heal wounds
 k - 2 potions of brilliance
 m - a potion of invisibility
Comestibles
 b - 9 rations


   Skills:
 - Level 1.7 Dodging
 - Level 1.7 Stealth
 + Level 3.4 Spellcasting
 + Level 3.1 Conjurations
 * Level 5.3 Air Magic


You had one spell level left.
You knew the following spells:

 Your Spells              Type           Power        Failure   Level  Hunger
a - Shock                 Conj/Air       ###.         3%          1    None
b - Static Discharge      Conj/Air       ###.....     9%          3    ###....
c - Airstrike             Air            ###.......   19%         4    ####...
d - Swiftness             Chrm/Air       ##......     9%          2    ##.....

Your spell library contained the following spells:

 Spells                   Type           Power        Failure   Level  Hunger
 Lightning Bolt           Conj/Air       ###.......   63%         5    ######.


Dungeon Overview and Level Annotations

Branches:
Dungeon (4/15)
 Temple: D:4-7

Altars:


Innate Abilities, Weirdness & Mutations

Your plain brown scales are hard. (AC +6)
You cannot fit into any form of body armour.
You are cold-blooded and may be slowed by cold attacks.


Message History

The gnoll shaman hits you with a +0 club.
The gnoll hits you from afar with a +0 spear!
You hit the gnoll shaman.
The gnoll shaman is moderately wounded.
You hit the gnoll. The gnoll barely misses you.
The orc priest calls down the wrath of Beogh upon you.
Beogh smites you!
* * * LOW HITPOINT WARNING * * *
The gnoll shaman closely misses you. The gnoll barely misses you.
The gnoll closely misses you.
The orc priest mumbles some strange prayers to Beogh against you.
Beogh smites you!
* * * LOW HITPOINT WARNING * * *
Casting: Airstrike (slightly dangerous; 19% risk of failure)
Confirm with . or Enter, or press ? or * to list all spells.
The gnoll shaman is struck by an arc of lightning.
The gnoll shaman is heavily wounded.
The lightning grounds out.
The gnoll shaman closely misses you.
The gnoll hits you from afar with a +0 spear!
You die...

#...##...##
##...#...# #......##
. ##.....#####
#####..
#.........##.......
#....#.[........o...
#.....###............
#......#
#....##ooo...
.......##
##...@g......
.......# #...)gg....#
.... ##.........#
#.........#
##.<.#.....
...####... ..## ...
#.. ..


You could see a gnoll shaman, an orc priest, an orc wizard, 2 gnolls and 2 orcs.

Vanquished Creatures
  Blork the orc (D:4)
  An iguana (D:3)
  A gnoll (D:4)
  6 adders
  3 oozes
  4 worms
  3 dart slugs
  4 leopard geckos
  11 orcs (D:3)
  A ball python (D:2)
  9 bats
  8 giant cockroaches
  9 goblins
  13 hobgoblins
  3 jackals (D:1)
  12 kobolds
  A quokka (D:2)
  6 frilled lizards
  5 rats
101 creatures vanquished.

Notes
Turn   | Place    | Note
-------+----------+-------------------------------------------
     0 | D:1      | kae the Draconian Air Elementalist began the quest for the
                  | Orb.
     0 | D:1      | Reached XP level 1. HP: 14/14 MP: 3/3
   180 | D:1      | Reached XP level 2. HP: 13/20 MP: 0/5
   727 | D:1      | Reached XP level 3. HP: 24/26 MP: 2/6
  1298 | D:2      | Learned a level 3 spell: Static Discharge
  1519 | D:2      | Reached skill level 4 in Air Magic
  1528 | D:2      | HP: 1/26 [ball python (1)]
  1533 | D:2      | Reached XP level 4. HP: 33/33 MP: 0/7
  2621 | D:3      | Reached XP level 5. HP: 38/38 MP: 1/9
  3230 | D:3      | Reached skill level 5 in Air Magic
  3409 | D:3      | Learned a level 4 spell: Airstrike
  3412 | D:3      | Learned a level 2 spell: Swiftness
  3813 | D:4      | Got a shimmering whip
  3814 | D:4      | Identified the +1 whip "Ekletweo" {drain, *Noise rF+ rN+}
                  | (You found it on level 4 of the Dungeon)
  3839 | D:4      | Noticed Blork the orc
  3851 | D:4      | Killed Blork the orc
  3851 | D:4      | Reached XP level 6. HP: 39/45 MP: 0/11
  3919 | D:4      | HP: 2/45 [orc priest/divine providence (9)]
  3920 | D:4      | Slain by a gnoll

Levels and vault maps discovered:
D:1:      co_arrival_hexagon_in_a_hexagon, layout_basic, minmay_split_cup_large
D:2:      layout_rooms, minmay_goblin_outpost
D:3:      layout_basic, serial_bayou, serial_bayou_pond_d, serial_bayou_pond_c,
          serial_bayou_lagoon_a, serial_bayou_crossing, first_ration,
          minmay_misc_feat_chi, kennysheep_flooded_box, minmay_statues_item
D:4:      cheibrodos_pilgrimage, layout_layer_cave, temple_pool_b,
          gup_sewer_entry_bubbles, ebering_ghost_rock_garden, fountainhead,
          uniq_blork_the_orc

Skill      XL: |  1  2  3  4  5 |
---------------+----------------+-----
Conjurations   | 2 3 |  3.1
Air Magic      | 4 5 |  5.3
Spellcasting   | 3 |  3.4
Dodging        | |  1.7
Stealth        | |  1.7

Action                   |  1- 3 |  4- 6 || total
-------------------------+-------+-------++-------
Melee: Unarmed           |    67 |       ||    67
       Mace              |    45 |    39 ||    84
       Tailslap          |     8 |     2 ||    10
       Hand axe          |       |    11 ||    11
 Cast: Shock             |    76 |   158 ||   234
       Swiftness         |       |     1 ||     1
       Airstrike         |       |     1 ||     1
       Static Discharge  |       |     1 ||     1
  Use: Potion            |     2 |     2 ||     4
       Scroll            |     1 |    12 ||    13
 Stab: Sleeping          |     1 |       ||     1
  Eat: Chunk             |     3 |     9 ||    12
Armor: Skin              |    51 |    23 ||    74
Dodge: Dodged            |   108 |    76 ||   184

Table legend:
 A = Non-vault XP
 B = Vault XP
 C = Vault XP percentage of total XP
 D = Non-vault monster count
 E = Vault monster count
 F = Vault count percentage of total count
                 A         B        C        D         E       F
            +---------+---------+-------+---------+---------+-------
      Total |     328 |     118 |  26.5 |      90 |      11 |  10.9
            +---------+---------+-------+---------+---------+-------
        D:1 |      56 |       7 |  11.1 |      25 |       4 |  13.8
        D:2 |     107 |      11 |   9.3 |      29 |       6 |  17.1
        D:3 |     143 |       0 |   0.0 |      34 |       0 |   0.0
        D:4 |      22 |     100 |  82.0 |       2 |       1 |  33.3
            +---------+---------+-------+---------+---------+-------
